 Dungeon Crawl Stone Soup version 0.25-a0-246-g58704a1ebd (webtiles) character file.

Game seed: 6057308283041810012, levelgen mode: classic

965 Borgoz the Twirler (level 8, -1/48 HPs)
             Began as a Gargoyle Gladiator on Dec 3, 2019.
             Slain by a gnoll
             ... wielding a +0 halberd
              (6 damage)
             ... on level 5 of the Dungeon on Dec 4, 2019.
             The game lasted 00:06:24 (4385 turns).

Borgoz the Twirler (Gargoyle Gladiator)             Turns: 4385, Time: 00:06:25

Health: -1/48      AC: 13    Str: 24    XL:     8   Next: 15%
Magic:  8/8        EV: 12    Int: 10    God:
Gold:   211        SH:  0    Dex: 11    Spells: 7/7 levels left

rFire    . . .     SeeInvis .   a - +1 quarterstaff
rCold    . . .     Gourm    .   (shield currently unavailable)
rNeg     + + .     Faith    .   e - +0 ring mail
rPois    ∞         Spirit   .   c - +0 helmet
rElec    +         Reflect  .   (no cloak)
rCorr    .         Harm     .   (no gloves)
MR       .....                  t - +0 pair of boots (curse)
Stlth    +.........             (no amulet)
HPRegen  0.16/turn              j - ring of positive energy
MPRegen  0.11/turn              (no ring)

@: mighty
A: negative energy resistance 1, electricity resistance, unbreathing,
petrification resistance, rot immunity, AC +5
a: no special abilities


You were on level 5 of the Dungeon.
You were very hungry.

You visited 1 branch of the dungeon, and saw 5 of its levels.
You also visited: Sewer.

You collected 211 gold pieces.

Inventory:

Hand Weapons
 a - a +1 quarterstaff (weapon)
 s - a +0 mace of holy wrath
Missiles
 d - 3 throwing nets (quivered)
Armour
 c - a +0 helmet (worn)
 e - a +0 ring mail (worn)
 t - a cursed +0 pair of boots (worn)
Jewellery
 j - a ring of positive energy (left hand)
Scrolls
 b - a scroll of amnesia
 g - 5 scrolls of remove curse
 i - 3 scrolls of teleportation
 k - 2 scrolls of fog
 p - 3 scrolls of magic mapping
Potions
 h - a potion of agility
 m - a potion of curing {unknown}
 n - a potion of mutation {unknown}
 o - 3 potions of heal wounds {unknown}
 q - 2 potions of might
Comestibles
 f - 7 rations


   Skills:
 + Level 4.8 Fighting
 * Level 6.4 Staves
 - Level 1.7 Throwing
 + Level 4.3 Armour
 + Level 4.1 Dodging


You had 7 spell levels left.
You didn't know any spells.
Your spell library was empty.

Dungeon Overview and Level Annotations

Branches:
Dungeon (5/15)              Sewer (visited)
 Temple: D:4-7

Altars:
Gozag


Innate Abilities, Weirdness & Mutations

You are resistant to torment.
Your stone body is resilient. (AC +5)
You are immune to poison.
You resist negative energy. (rN+)
You are resistant to electric shocks. (rElec)
You can survive without breathing.
You are immune to petrification.
You are immune to rotting.


Message History

You are too injured to fight recklessly!
Unknown command.
You feel very mighty all of a sudden.
The gnoll hits you but does no damage. x2; The gnoll closely misses you.
The gnoll hits you but does no damage. The gnoll completely misses you.
You feel mightier all of a sudden. The gnoll closely misses you.
The gnoll hits you but does no damage. x2
The gnoll hits you with a +0 flail. The gnoll hits you but does no damage.
The gnoll closely misses you.
You hit the gnoll.
The gnoll is heavily wounded.
The gnoll hits you but does no damage. The gnoll misses you. x2
The gnoll hits you but does no damage. The gnoll hits you with a +0 flail.
* * * LOW HITPOINT WARNING * * *
The gnoll hits you with a +0 whip.
* * * LOW HITPOINT WARNING * * *
The gnoll hits you but does no damage. The gnoll hits you.
* * * LOW HITPOINT WARNING * * *
The gnoll completely misses you. The gnoll hits you with a +0 halberd.
You die...

####...###+####.....'....#..#
........# #.(..(#...##..# ..
........# #.....#...##..# ...
....#...# #.....#...##..#....
....#...# #.)...#...'...#....
....#...# #.(...#...#...#....
....#..## #.(...#######'#....
....#..###
#g.g...............
....'....#
#g@g...............
....#....#
#.gg..>............
....#....#
#.............)....
....######
#.....#####........
....#...#### #.....#
##'###... ....'......+
#.....# #....#...
....#......# #.....#
##...'... ....###+####
#.....# #####...
...........####.....#
#...#...


You could see 6 gnolls.

Vanquished Creatures
  3 sky beasts
  A centaur (D:5)
  A jelly (D:5)
  A scorpion (D:4)
  2 crimson imps (D:5)
  2 hounds
  A centaur skeleton (D:4)
  An iguana (D:5)
  3 worker ants (D:5)
  A hound zombie (D:5)
  A worker ant zombie (D:5)
  5 gnolls (D:5)
  5 adders
  A shadow imp (D:5)
  3 oozes
  3 worms
  A dart slug (D:1)
  5 leopard geckos
  3 orcs
  6 bats
  4 giant cockroaches
  7 goblins
  5 hobgoblins
  17 jackals
  10 kobolds
  2 quokkas
  3 ball pythons (Sewer)
  5 frilled lizards
  5 rats
  A plant (Sewer)
108 creatures vanquished.

Notes
Turn   | Place    | Note
-------+----------+-------------------------------------------
     0 | D:1      | Borgoz the Gargoyle Gladiator began the quest for the Orb.
     0 | D:1      | Reached XP level 1. HP: 12/12 MP: 1/1
   187 | D:1      | Reached XP level 2. HP: 18/18 MP: 2/2
   915 | D:2      | Reached skill level 1 in Armour
   924 | D:2      | Reached XP level 3. HP: 22/22 MP: 3/3
   972 | D:2      | Noticed a sky beast
   988 | D:2      | Killed a sky beast
   988 | D:2      | Reached skill level 4 in Staves
   988 | D:2      | Reached XP level 4. HP: 25/28 MP: 4/4
   988 | D:2      | Reached XP level 5. HP: 28/32 MP: 5/5
  1047 | D:2      | Found an opulent altar of Gozag.
  2502 | D:4      | Reached XP level 6. HP: 19/37 MP: 6/6
  2628 | D:4      | Found a glowing drain.
  2679 | Sewer    | Entered a sewer
  3537 | D:4      | Reached skill level 5 in Staves
  3621 | D:5      | Entered Level 5 of the Dungeon
  3766 | D:5      | Reached XP level 7. HP: 40/43 MP: 7/7
  4006 | D:5      | Reached skill level 6 in Staves
  4352 | D:5      | Reached XP level 8. HP: 41/48 MP: 8/8
  4385 | D:5      | Slain by a gnoll

Levels and vault maps discovered:
D:1:      lemuel_arrival_rhombus, layout_basic, minmay_misc_feat_secret_circle,
          chequers_avenue
D:2:      layout_loops_ring, nicolae_gozag_cash_rules_everything_around_me
D:3:      layout_basic, serial_bayou_ford_a, minmay_quantized
D:4:      layout_gridville, cheibrodos_sewer_entry_sluice
D:5:      lemuel_castle_with_subvaults [lemuel_castle_interior_carwin_1],
          layout_gridville, first_ration, serial_shops, kennysheep_little_box

Skill      XL: |  1  2  3  4  5  6  7 |
---------------+----------------------+-----
Armour         | 1 2 3 4 |  4.3
Fighting       | 3 4 |  4.8
Staves         | 4 5 6 |  6.4
Dodging        | 3 4 |  4.1
Throwing       | |  1.7

Action                   |  1- 3 |  4- 6 |  7- 9 || total
-------------------------+-------+-------+-------++-------
Melee: Quarterstaff      |    46 |   285 |   111 ||   442
Throw: Throwing net      |       |       |     2 ||     2
  Use: Potion            |     2 |     2 |     3 ||     7
       Scroll            |       |     9 |       ||     9
  Eat: Chunk             |       |     9 |     2 ||    11
Armor: Leather armour    |    23 |   102 |       ||   125
       Ring mail         |       |    47 |    66 ||   113
Dodge: Dodged            |    22 |   219 |    87 ||   328

Table legend:
 A = Non-vault XP
 B = Vault XP
 C = Vault XP percentage of total XP
 D = Non-vault monster count
 E = Vault monster count
 F = Vault count percentage of total count
                 A         B        C        D         E       F
            +---------+---------+-------+---------+---------+-------
      Total |    1219 |     160 |  11.6 |      71 |      36 |  33.6
            +---------+---------+-------+---------+---------+-------
        D:1 |      25 |       0 |   0.0 |      13 |       0 |   0.0
        D:2 |     164 |       0 |   0.0 |      12 |       0 |   0.0
        D:3 |     105 |      18 |  14.6 |      24 |       4 |  14.3
        D:4 |     164 |       8 |   4.7 |       6 |       3 |  33.3
        D:5 |     761 |      78 |   9.3 |      16 |       8 |  33.3
      Sewer |       0 |      56 | 100.0 |       0 |      21 | 100.0
            +---------+---------+-------+---------+---------+-------
